 Dungeon Crawl Stone Soup version 0.28-a0-895-g6e5f11bd55 (webtiles) character file.

Game seed: 8763927488470399141

115266 enile the Blocker (level 17, -3/123 HPs)
             Began as a Djinni Hedge Wizard on Nov 23, 2021.
             Was the Champion of Qazlal.
             Killed from afar by a deep elf knight (26 damage)
             ... with a shard of ice
             ... on level 2 of the Orcish Mines.
             The game lasted 02:47:34 (25197 turns).

enile the Blocker (Djinni Hedge Wizard)            Turns: 25197, Time: 02:47:40

Health: -3/123     AC: 15    Str: 11    XL:     17   Next: 23%
Gold:   128        EV: 15    Int: 28    God:    Qazlal [******] SH: 21 Dex: 20

rFire   + + .      SeeInvis .   x - +6 double sword (freeze)
rCold   . . .      Faith    .   K - +0 kite shield
rNeg    . . .      Spirit   .   S - +4 ring mail {Will+}
rPois   ∞          Reflect  .   H - +3 hat of Pondering {ponderous, Will+ MP+10 Int+5}
rElec   .          Harm     .   U - +1 cloak
rCorr   .          Rampage  .   (no gloves)
Will    +++..                   (boots unavailable)
Stlth   +.........              d - amulet of regeneration
HPRegen 1.30/turn               O - ring of wizardry
MPRegen 0.00/turn               A - ring "Murhof" {Int+3 Dex+6}

@: protected from cold, flying, repel missiles, slow
A: sickness immunity, fire resistance 2, cold vulnerability 1, float, innate
caster, hp casting, extra vitality 1
a: Renounce Religion, Upheaval, Elemental Force, Disaster Area


You were on level 2 of the Orcish Mines.
You worshipped Qazlal.
Qazlal was exalted by your worship.
You visited 5 branches of the dungeon, and saw 26 of its levels.
You visited 1 bazaar.

You collected 2618 gold pieces.
You spent 2490 gold pieces at shops.

Inventory:

Hand Weapons
 a - the +10 rapier "Fuewecw" {antimagic, Will++ Str-3 Dex+6}
   (You bought it in a shop on level 12 of the Dungeon)

   It reduces the magical energy of the wielder, and disrupts the spells and
   magical abilities of those it strikes.
   Natural abilities and divine invocations are not affected.
   Str:       It affects your strength (-3).
   Dex:       It affects your dexterity (+6).
   Will:      It greatly increases your willpower.
 x - a +6 double sword of freezing (weapon)
 W - the +7 scimitar "Worm's Wrath" {venom, rN+ Int+4}
   (You bought it in a shop on level 2 of the Orcish Mines)

   It poisons the flesh of those it strikes.
   Int:       It affects your intelligence (+4).
   rN:        It protects you from negative energy.
Missiles
 N - 2 throwing nets
Armour
 H - the +3 hat of Pondering (worn) {ponderous, Will+ MP+10 Int+5}
   (You took it off Gastronok on level 11 of the Dungeon)

   Int:       It affects your intelligence (+5).
   MP:        It affects your magic capacity (+10).
   Will:      It increases your willpower.
 K - a +0 kite shield (worn)
 Q - the +0 plate armour of Hubris {rC+++ Regen+ Str-5 Dex-3}
   (You found it on level 4 of the Lair of Beasts)

   Str:       It affects your strength (-5).
   Dex:       It affects your dexterity (-3).
   rC:        It renders you almost immune to cold.
   Regen:     It increases your rate of health regeneration.
 S - a +4 ring mail of willpower (worn)
 T - a +0 helmet of see invisible
 U - a +1 cloak (worn)
 V - a +3 leather armour of positive energy
Jewellery
 d - an amulet of regeneration (around neck)
 f - a +4 ring of protection
 r - a ring of protection from fire
 t - a ring of resist corrosion
 A - the ring "Murhof" (right hand) {Int+3 Dex+6}
   (You found it on level 6 of the Dungeon)

   [ring of dexterity]

   Int:       It affects your intelligence (+3).
   Dex:       It affects your dexterity (+6).
 F - a ring of positive energy
 I - a +6 ring of dexterity
 J - an amulet of the acrobat
 M - a +4 ring of slaying
 O - a ring of wizardry (left hand)
Wands
 b - a wand of iceblast (19)
 e - a wand of paralysis (12)
 i - a wand of digging (8)
 l - a wand of acid (6)
 v - a wand of flame (25) (quivered)
 B - a wand of mindburst (15)
Scrolls
 j - 5 scrolls of amnesia
 k - 3 scrolls of silence
 n - 2 scrolls of fog
 p - 3 scrolls of magic mapping
 s - 4 scrolls of teleportation
 y - a scroll of blinking
 z - a scroll of vulnerability
 D - 5 scrolls of noise
 L - a scroll of holy word
 P - a scroll of brand weapon
Potions
 g - 7 potions of attraction
 h - 4 potions of brilliance {unknown}
 m - 3 potions of might
 o - 5 potions of degeneration {unknown}
 q - 14 potions of curing
 u - 4 potions of magic {unknown}
 w - 4 potions of haste
 C - 2 potions of heal wounds
 G - a potion of lignification
 X - 2 potions of berserk rage
 Y - 6 potions of ambrosia
 Z - 4 potions of flight {unknown}
Miscellaneous
 E - a box of beasts


   Skills:
 - Level 12.0 Fighting
 - Level 12.0 Long Blades
 + Level 3.3 Throwing
 - Level 5.0 Armour
 - Level 9.0 Dodging
 - Level 6.0 Stealth
 - Level 12.0 Shields
 - Level 10.0 Spellcasting
 - Level 8.0 Invocations
 - Level 10.0 Evocations


You couldn't memorise any spells.
You knew the following spells:

 Your Spells              Type           Power      Damage    Failure   Level
a - Magic Dart            Conj           100%       1d8       1%          1
b - Blink                 Tloc           100%       N/A       1%          2
c - Call Imp              Summ           63%        N/A       1%          2
d - Slow                  Hex            100%       N/A       1%          1
e - Conjure Flame         Conj/Fire      63%        6-21      1%          3
f - Mephitic Cloud        Conj/Pois/Air  63%        N/A       1%          3
g - Summon Small Mammal   Summ           100%       N/A       1%          1
h - Poisonous Vapours     Pois/Air       100%       N/A       1%          2
i - Portal Projectile     Hex/Tloc       100%       N/A       1%          3
j - Animate Dead          Necr           31%        N/A       1%          4
k - Animate Armour        Summ/Erth      100%       N/A       1%          4
l - Borgnjor's Vile Clut  Necr/Erth      31%        N/A       2%          5
m - Dispersal             Tloc           31%        N/A       13%         6
n - Haunt                 Necr/Summ      31%        N/A       54%         7
Your spell library was empty.

Dungeon Overview and Level Annotations

Branches:
Dungeon (15/15)            Temple (0/1) D:6            Lair (5/6) D:10
 Shoals (3/4) Lair:4       Spider (0/4) Lair:4        Slime (0/5) Lair:5
    Orc (2/2) D:9             Elf (1/3) Orc:2        Vaults (0/5) D:14
 Depths: D:15

Altars:
Elyvilon
Okawaru
Qazlal
Trog
Uskayaw
Wu Jian
Xom
The Shining One
Beogh
Jiyva

Shops:
D:2 ***   D:12 (   Orc:2 :![(

Annotations:
D:7 1 runed translucent door, avis's ghost, novice HOFi
D:10 exclusion: obsidian statue
D:11 3 runed translucent doors, horus123's ghost, journeyman DECj
Lair:5 2 runed translucent doors, Mysukhlell's ghost, journeyman DrTm
Shoals:1 3 runed translucent doors, Coargh's ghost, adept DjCj
Shoals:3 Ilsuiw; Polyphemus


Innate Abilities, Weirdness & Mutations

You are immune to sickness and miasma.
You are immune to poison.
Your flesh is very heat resistant. (rF++)
You are vulnerable to cold. (rC-)
You float through the air rather than walking.
You learn spells naturally, not from books.
Your magical power is your life essence.
You have superior vitality. (+4 HP)


Message History

Items here: )) [ †.
There is an open door, spattered with blood here.
Something hits you!
You hear some strange, mumbled words.
A lance of force appears from out of thin air!
You block the lance of force.
Items here: ( )) [ †.
The deep elf pyromancer casts a spell.
The deep elf pyromancer blinks!
You hear some strange, mumbled words.
A lance of force appears from out of thin air!
The lance of force is repelled.
You hear some strange, mumbled words.
A shard of ice appears from out of thin air!
The shard of ice misses you.
You hear some strange, mumbled words.
A shard of ice appears from out of thin air!
The shard of ice hits you!
You feel a painful chill!
* * * LOW HITPOINT WARNING * * *
The deep elf pyromancer gestures wildly while chanting.
The deep elf pyromancer blinks!
Something hits you!
* * * LOW HITPOINT WARNING * * *
You feel more protected from physical attacks.
There is a staircase back to the Mines, spattered with blood here.
Things that are here:
a +0 rapier; a +0 leather armour Something hits you!
* * * LOW HITPOINT WARNING * * *
You fly upwards.
Welcome back to the Orcish Mines!
Reactivating autopickup.
There is a staircase to the Elven Halls, spattered with blood here.
Deactivating autopickup; reactivate with Ctrl-A.
You barely miss something.
You hear some strange, mumbled words.
A shard of ice appears from out of thin air!
The shard of ice hits you!!
You feel a painful chill!
Your resistance to physical damage fades away.
You feel protected from cold.
You die...

#.#...##..........'.....#.#
#....####.........#...8.#.#
.....# #..........#.....#.#
....## ##.........##...##.#
.##.## ##.##.#.[..#####..#
.#...# #####............#
###.## ###....[°....#### #
### #####...○#){○#...# ##
##.##......@)..#.#### .#
#........§#.......#.## ##
###.##...#..#○....#...## #
##.###............[.....#
####....##.....<...........#
##.##....##.........#......#
....#...#.................##
..........................##
.......#...............#...#


There were no monsters in sight!

Vanquished Creatures
  Rupert (Orc:2)
  Gastronok (D:11)
  Kirke (D:14)
  Donald (Shoals:1)
  Nessos (D:13)
  A merfolk javelineer (Shoals:2)
  2 merfolk impalers
  A yaktaur captain (D:14)
  Erolcha (D:13)
  A merfolk avatar (Shoals:2)
  4 hydras
  3 death knights
  7 two-headed ogres
  3 boulder beetles
  3 centaur warriors
  An alligator snapping turtle (Shoals:2)
  7 death yaks
  A dancing weapon (Elf:1)
  A satyr (Shoals:1)
  An orc high priest (Orc:2)
  A deep elf knight (Elf:1)
  Urug (Lair:3)
  5 skeletal warriors
  5 sea snakes
  A deep elf archer (Elf:1)
  A phantasmal warrior (D:11)
  3 orc knights (Orc:2)
  7 deep elf pyromancers
  6 harpies
  5 ugly things (D:14)
  4 deep elf zephyrmancers
  10 manticores
  6 cyclopes
  6 fauns
  4 orc sorcerers (Orc:2)
  3 merfolk sirens (Shoals:1)
  Maurice (D:11)
  18 elephants
  A water nymph (Shoals:1)
  5 black mambas
  A centaur zombie (D:10)
  5 freezing wraiths
  8 cane toads
  12 rime drakes (Lair:4)
  8 komodo dragons
  2 yaktaurs (D:14)
  An efreet (D:13)
  10 merfolk
  3 trolls
  A queen bee (Lair:1)
  2 wind drakes (Shoals:1)
  5 polar bears (Lair:3)
  A hornet (D:9)
  15 blink frogs
  7 slime creatures
  5 snapping turtles
  5 dream sheep
  2 redbacks (Lair:4)
  4 water elementals
  26 yaks
  2 shadows
  9 wyverns
  A hog (D:14)
  6 wraiths
  12 basilisks
  5 steam dragons
  A human (D:14)
  8 vampire mosquitoes
  2 wargs (Orc:2)
  12 water moccasins
  An acid dragon (D:10)
  2 black bears (Lair:2)
  26 orc warriors
  2 sky beasts
  3 wolves (Lair:1)
  4 ogres
  4 centaurs (D:12)
  A phantom (D:5)
  Blork the orc (D:5)
  8 bullfrogs
  4 scorpions
  28 killer bees
  9 wights
  10 electric eels
  4 howler monkeys
  11 orc priests
  A bullfrog skeleton (D:4)
  2 hounds
  3 jellies
  A centaur skeleton (D:7)
  21 orc wizards
  17 hell rats
  A howler monkey zombie (D:11)
  A howler monkey skeleton (D:6)
  3 adders
  12 gnolls
  A white imp (D:5)
  An ufetubus (D:4)
  4 worms
  3 dart slugs
  92 orcs
  5 ball pythons
  7 bats
  8 endoplasms
  2 giant cockroaches
  9 goblins
  4 hobgoblins
  2 jackals (D:4)
  2 quokkas (D:3)
  2 frilled lizards (D:3)
  7 kobolds
  5 rats
650 creatures vanquished.

Vanquished Creatures (collateral kills)
  An orc warlord (Orc:2)
  Louise (Lair:4)
  A fire dragon (Lair:4)
  A death knight (D:14)
  Erica (D:8)
  An orc high priest (Orc:2)
  A phantasmal warrior (D:14)
  A harpy (Lair:4)
  An ugly thing (D:10)
  A manticore (Lair:4)
  2 rime drakes (Lair:4)
  Prince Ribbit (D:6)
  Eustachio (D:5)
  A yak (Lair:4)
  A steam dragon (Lair:4)
  A black bear (D:5)
  2 orc warriors
  A bullfrog (Lair:3)
  A scorpion (D:4)
  An electric eel (D:14)
  2 orc priests
  A hound (D:7)
  4 orc wizards
  Natasha (D:2)
  A hell rat (Lair:4)
  2 gnolls (D:5)
  14 orcs
  A jackal (D:4)
  A kobold (D:2)
49 creatures vanquished.

Vanquished Creatures (others)
  A deep elf knight (Elf:1)
  A rime drake (Lair:4)
  2 humans (D:14)
  An electric eel (D:13)
  An orc priest (Orc:2)
  2 orc wizards (D:2)
  A bush (Lair:4)
  20 fungi
  58 plants
87 creatures vanquished.

Grand Total: 786 creatures vanquished

Notes
Turn   | Place    | Note
-------+----------+-------------------------------------------
     0 | D:1      | enile the Djinni Hedge Wizard began the quest for the Orb.
     0 | D:1      | Reached XP level 1. HP: 15/15 MP: 0/0
   216 | D:1      | Reached skill level 1 in Fighting
   366 | D:1      | Reached XP level 2. HP: 17/22 MP: 0/0
   824 | D:1      | Reached XP level 3. HP: 28/28 MP: 0/0
   824 | D:1      | Learned a level 1 spell: Summon Small Mammal
  1229 | D:2      | Noticed Natasha
  1340 | D:2      | Reached XP level 4. HP: 25/34 MP: 0/0
  1406 | D:2      | Found a faded altar of an unknown god.
  1406 | D:2      | Found a faded altar of an unknown god.
  1418 | D:2      | Prayed at the altar of an unknown god.
  1418 | D:2      | Became a worshipper of Qazlal Stormbringer
  1418 | D:2      | Reached * piety under Qazlal
  1471 | D:2      | Found Kakhie's Assorted Antiques.
  1480 | D:2      | Bought a scroll labelled QEDOTI LIENGO for 30 gold pieces
  1480 | D:2      | Bought a scroll labelled UHAFAM ZYEMUFA for 30 gold pieces
  1574 | D:2      | Reached XP level 5. HP: 40/40 MP: 0/0
  1574 | D:2      | Learned a level 2 spell: Poisonous Vapours
  1633 | D:2      | Found Hylirent's General Store.
  1657 | D:2      | Found Vatidiuc's Assorted Antiques.
  1797 | D:2      | Killed Natasha
  1954 | D:3      | Reached ** piety under Qazlal
  2369 | D:3      | Noticed a water moccasin
  2383 | D:3      | Killed a water moccasin
  2384 | D:3      | Reached XP level 6. HP: 45/47 MP: 0/0
  2663 | D:4      | Found a white marble altar of Elyvilon.
  2682 | D:4      | Reached XP level 7. HP: 52/52 MP: 0/0
  2682 | D:4      | Learned a level 3 spell: Portal Projectile
  3177 | D:4      | Found a bloodstained altar of Trog.
  3190 | D:5      | Entered Level 5 of the Dungeon
  3271 | D:5      | Reached skill level 5 in Spellcasting
  3415 | D:5      | Noticed Blork the orc
  3450 | D:5      | Killed Blork the orc
  3454 | D:5      | Reached skill level 5 in Fighting
  3493 | D:5      | Reached XP level 8. HP: 46/59 MP: 0/0
  3648 | D:5      | Noticed Eustachio
  3666 | D:5      | Killed Eustachio
  3904 | D:6      | Noticed a yak
  3906 | D:6      | Noticed a yak
  3907 | D:6      | Noticed a yak
  3908 | D:6      | Noticed a yak
  3910 | D:6      | Noticed a yak
  3924 | D:6      | Killed a yak
  3925 | D:6      | Reached skill level 1 in Long Blades
  3948 | D:6      | Killed a yak
  3956 | D:6      | Killed a yak
  3957 | D:6      | Reached XP level 9. HP: 30/66 MP: 0/0
  3957 | D:6      | Learned a level 4 spell: Animate Dead
  4006 | D:6      | Identified the ring "Murhof" {Int+3 Dex+6}
  4105 | D:6      | Noticed Prince Ribbit
  4123 | D:6      | Killed Prince Ribbit
  4388 | D:6      | Found a staircase to the Ecumenical Temple.
  4515 | D:6      | Reached skill level 5 in Dodging
  4685 | D:7      | Noticed a komodo dragon
  4730 | D:7      | Killed a komodo dragon
  4782 | D:7      | Reached *** piety under Qazlal
  4843 | D:7      | Found a hide-covered altar of Uskayaw.
  4853 | D:7      | Reached XP level 10. HP: 72/72 MP: 0/0
  4992 | D:7      | Found an iron altar of Okawaru.
  5313 | D:7      | Found a runed translucent door.
  5323 | D:7      | Noticed avis's ghost (novice HOFi)
  5364 | D:8      | Noticed Erica
  5466 | D:8      | Killed Erica
  6301 | D:9      | Reached skill level 1 in Shields
  6544 | D:9      | Reached **** piety under Qazlal
  6630 | D:9      | Found a staircase to the Orcish Mines.
  6702 | D:9      | Reached XP level 11. HP: 71/81 MP: 0/0
  6702 | D:9      | Learned a level 4 spell: Animate Armour
  6860 | D:9      | Found a glowing golden altar of the Shining One.
  7113 | D:10     | Entered Level 10 of the Dungeon
  7115 | D:10     | Noticed an obsidian statue
  7194 | D:9      | Reached skill level 5 in Long Blades
  7253 | D:10     | Found a viscous altar of Jiyva.
  7590 | D:10     | Noticed a purple ugly thing
  7663 | D:10     | Killed a purple ugly thing
  7716 | D:10     | Found a staircase to the Lair.
  7806 | D:10     | Identified the +3 leather armour of Recklessness {rF+
                  | Regen+ Int-4}
  7838 | D:11     | Noticed a boulder beetle
  7849 | D:10     | Reached skill level 5 in Invocations
  7949 | Orc:1    | Entered Level 1 of the Orcish Mines
  8287 | Orc:1    | Reached ***** piety under Qazlal
  8861 | Orc:2    | Entered Level 2 of the Orcish Mines
  8898 | Orc:2    | Found a staircase to the Elven Halls.
  8936 | Orc:2    | Reached skill level 5 in Shields
  9153 | Orc:2    | Noticed Rupert
  9204 | Orc:2    | Killed Rupert
  9434 | Orc:2    | Noticed an orc knight
  9437 | Orc:2    | Noticed an orc knight
  9459 | Orc:2    | Killed an orc knight
  9463 | Orc:2    | Killed an orc knight
  9464 | Orc:2    | Reached XP level 12. HP: 45/91 MP: 0/0
  9495 | Orc:2    | Noticed an orc high priest
  9515 | Orc:2    | Killed an orc high priest
  9516 | Orc:2    | Reached skill level 10 in Fighting
  9545 | Orc:2    | Paralysed by an orc sorcerer for 5 turns
  9550 | Orc:2    | Noticed a soul eater
  9661 | Orc:2    | Noticed an orc warlord
  9706 | Orc:2    | Killed an orc warlord
  9776 | Orc:2    | Paralysed by an orc sorcerer for 3 turns
  9884 | Orc:2    | Found Qakikun's Antique Armour Emporium.
  9888 | Orc:2    | Found Koykam's Antique Weapon Shoppe.
  9895 | Orc:2    | Bought a runed helmet for 240 gold pieces
  9895 | Orc:2    | Bought an embroidered cloak for 240 gold pieces
  9910 | Orc:2    | Bought a dyed leather armour for 160 gold pieces
  9916 | Orc:2    | Bought an iridescent scimitar for 324 gold pieces
  9916 | Orc:2    | Identified the +7 scimitar "Worm's Wrath" {venom, rN+
                  | Int+4} (You bought it in a shop on level 2 of the Orcish
                  | Mines)
 10295 | Orc:2    | Found Yref's Distillery.
 10300 | Orc:2    | Bought a potion of might for 52 gold pieces
 10300 | Orc:2    | Bought a potion of berserk rage for 65 gold pieces
 10300 | Orc:2    | Bought a potion of heal wounds for 65 gold pieces
 10300 | Orc:2    | Bought a potion of haste for 130 gold pieces
 10357 | Orc:2    | Noticed an orc high priest
 10374 | Orc:2    | Killed an orc high priest
 10399 | Orc:2    | Found Toanit's Book Emporium.
 10685 | Lair:1   | Entered Level 1 of the Lair of Beasts
 10737 | Lair:1   | Reached ****** piety under Qazlal
 10925 | Lair:1   | Identified the +3 spear of the Evening {venom, MP+9}
 11081 | Lair:1   | Reached XP level 13. HP: 96/96 MP: 0/0
 11081 | Lair:1   | Learned a level 5 spell: Borgnjor's Vile Clutch
 11103 | Lair:1   | Noticed an eight-headed hydra
 11149 | Lair:1   | Killed an eight-headed hydra
 11874 | Lair:2   | Noticed a boulder beetle
 11906 | Lair:1   | Killed a boulder beetle
 12415 | Lair:3   | Noticed Urug
 12450 | Lair:3   | Noticed a six-headed hydra
 12486 | Lair:2   | Killed a six-headed hydra
 12675 | Lair:3   | Reached skill level 10 in Shields
 12687 | Lair:3   | Killed Urug
 13613 | Lair:4   | Reached skill level 5 in Evocations
 13619 | Lair:5   | Reached XP level 14. HP: 79/103 MP: 0/0
 13809 | Lair:4   | Reached skill level 10 in Spellcasting
 13963 | Lair:4   | Identified the +0 plate armour of Hubris {rC+++ Regen+
                  | Str-5 Dex-3}
 14208 | Lair:4   | Found a hole to the Spider Nest.
 14589 | Lair:4   | Found a staircase to the Shoals.
 14735 | Lair:5   | Found a runed translucent door.
 15094 | Lair:5   | Found a shimmering altar of Xom.
 15094 | Lair:5   | Identified the +4 dire flail of Paolyiw {chaos, Fragile rC+
                  | Int+4}
 15094 | Lair:5   | Noticed Mysukhlell's ghost (journeyman DrTm)
 15324 | Lair:5   | Reached XP level 15. HP: 110/110 MP: 0/0
 15324 | Lair:5   | Learned a level 6 spell: Dispersal
 15336 | Lair:5   | Found a runed translucent door.
 15336 | Lair:5   | Found a viscous altar of Jiyva.
 15336 | Lair:5   | Noticed an acid blob
 15338 | Lair:5   | Noticed an acid blob
 15340 | Lair:5   | Found a staircase to the Slime Pits.
 16039 | D:2      | Bought a scroll of blinking for 75 gold pieces
 16039 | D:2      | Bought a scroll of summoning for 95 gold pieces
 16039 | D:2      | Bought a box of beasts for 400 gold pieces
 16049 | D:2      | Bought a potion of invisibility for 80 gold pieces
 16341 | Shoals:1 | Entered Level 1 of the Shoals
 16342 | Shoals:1 | Noticed Louise
 16445 | Lair:4   | Killed Louise
 16814 | Shoals:1 | Noticed Donald
 16829 | Shoals:1 | Killed Donald
 17065 | Shoals:1 | Found a runed translucent gate.
 17067 | Shoals:1 | Found a runed translucent gate.
 17231 | Shoals:1 | Found a runed translucent gate.
 17232 | Shoals:1 | Noticed Coargh's ghost (adept DjCj)
 17866 | Shoals:1 | Reached skill level 10 in Long Blades
 19536 | Shoals:3 | Noticed Ilsuiw
 19537 | Shoals:3 | Noticed Polyphemus
 19643 | Shoals:2 | Reached XP level 16. HP: 18/118 MP: 0/0
 19890 | D:11     | Noticed Gastronok
 19890 | D:11     | Found a runed translucent gate.
 19890 | D:11     | Found a runed translucent gate.
 19890 | D:11     | Found a runed translucent gate.
 19916 | D:11     | Killed Gastronok
 20068 | D:11     | Noticed horus123's ghost (journeyman DECj)
 20828 | D:12     | Noticed Maurice
 20842 | D:11     | Killed Maurice
 21222 | D:12     | Found Eduavahu's Antique Weapon Emporium.
 21398 | D:12     | Bought a fine rapier for 234 gold pieces
 21398 | D:12     | Identified the +10 rapier "Fuewecw" {antimagic, Will++
                  | Str-3 Dex+6} (You bought it in a shop on level 12 of the
                  | Dungeon)
 21641 | D:12     | Found an ornate altar of the Wu Jian Council.
 21759 | D:13     | Noticed Nessos
 21776 | D:13     | Killed Nessos
 22491 | D:13     | Noticed Erolcha
 22502 | D:13     | Killed Erolcha
 22928 | D:14     | Reached skill level 5 in Stealth
 22954 | D:14     | Found a flickering gateway to a bazaar.
 22955 | D:14     | Found a shimmering altar of Xom.
 22958 | Bazaar   | Entered a bazaar
 22959 | Bazaar   | Found Daptiss's Magic Scroll Shop.
 22966 | Bazaar   | Found Yxumeitu's Distillery.
 22967 | Bazaar   | Bought a scroll of fear for 42 gold pieces
 22967 | Bazaar   | Bought a scroll of teleportation for 36 gold pieces
 22969 | Bazaar   | Bought a scroll of noise for 12 gold pieces
 22993 | Bazaar   | Found Kudarep's General Store.
 23008 | Bazaar   | Found Sabel's Distillery.
 23018 | Bazaar   | Bought a potion of curing for 45 gold pieces
 23018 | Bazaar   | Bought a potion of heal wounds for 75 gold pieces
 23018 | Bazaar   | Bought a potion of might for 60 gold pieces
 23850 | D:13     | Reached skill level 1 in Throwing
 23951 | D:14     | Noticed Kirke
 23960 | D:14     | Killed Kirke
 24090 | D:14     | Found a gate to the Vaults.
 24134 | D:14     | Reached XP level 17. HP: 115/123 MP: 0/0
 24134 | D:14     | Learned a level 7 spell: Haunt
 24774 | D:15     | Entered Level 15 of the Dungeon
 24980 | Elf:1    | Entered Level 1 of the Elven Halls
 25004 | Orc:2    | Reached skill level 10 in Evocations
 25103 | Elf:1    | Reached skill level 5 in Armour
 25197 | Orc:2    | Killed from afar by a deep elf knight

Illustrated notes

Levels and vault maps discovered:
D:1:      matt_arrival_spirals, layout_basic
D:2:      layout_basic, serial_shops, shop, nicolae_shop_hallway_stairs, shop,
          hellmonk_ecumenical_altar_the_god_not_taken, chequers_mini_garden,
          minivault_26, uniq_natasha
D:3:      layout_rooms, serial_aquarium, aquarium_bridge_straight
          [aquarium_subvault_bridge, aquarium_subvault_wall,
          aquarium_subvault_bridge, aquarium_subvault_wall],
          aquarium_bridge_straight [aquarium_subvault_bridge,
          aquarium_subvault_balcony, aquarium_subvault_bridge,
          aquarium_subvault_balcony], aquarium_window_fake, aquarium_window_3,
          aquarium_window_1, aquarium_view_2c, aquarium_balcony_3b,
          aquarium_pool_split, eino_tiny_chamber
D:4:      layout_loops_ring, kennysheep_mini, mainiacjoe_overflow_24_doors
D:5:      layout_basic, uniq_blork_the_orc, uniq_eustachio
D:6:      layout_basic, minmay_temple_entry_steel_oval, uniq_prince_ribbit1
D:7:      layout_loops_ring, kennysheep_okawaru_gauntlet,
          mainiacjoe_overflow_small_starburst, ebering_ghost_reflecting_pool,
          minivault_22, minmay_microvault
D:8:      layout_basic, minivault_25, uniq_erica
D:9:      layout_basic, tso_metal_star, hiddenorc2_lemuel
D:10:     layout_gridville, lair_entry_dummy, minivault_16, jiyva_altar_1
D:11:     layout_stronghold, gammafunk_ghost_icy, st_stairs_12, uniq_gastronok
D:12:     layout_cave_pools, serial_shops, nicolae_shop_window_shopping,
          pdpol_wu_jian_five_deadly_venoms, uniq_maurice
D:13:     layout_basic, uniq_nessos, uniq_erolcha
D:14:     layout_basic, david_vaults_2, serial_shops, bzr_entry_dummy,
          gauntlet_entry_generic, xom_teletrap_fun, uniq_kirke
D:15:     grunt_enter_depths_giant_problem, layout_irregular_city,
          serial_bayou_shore_a, minmay_door_square, chequers_jeans
Lair:1:   layout_roguey, special_room [special_room_bee]
Lair:2:   layout_concentric_octagons, grunt_megastairs_2
Lair:3:   layout_loops_ring, serial_forest, infiniplex_forest_straight_3,
          infiniplex_forest_lined_2, infiniplex_forest_clump_medium,
          infiniplex_forest_corner_2, infiniplex_forest_corner_1,
          infiniplex_forest_clump_small, infiniplex_forest_clump_curved,
          infiniplex_forest_lined_4_way, infiniplex_forest_fountain,
          infiniplex_forest_end_3, cheibrodos_lair_lostbears, uniq_urug
Lair:4:   layout_roguey [special_room_mythical_zoo], elwin_shoals_entry_rocks,
          spider_nest_entry_webs, st_stairs_5, bobbens_dragon_lair_wall
Lair:5:   layout_cave_pods, slime_altar_2, ebering_ghost_xom
Shoals:1: layout_shoals, ebering_ghost_rock_garden, uniq_louise, uniq_donald
Shoals:2: layout_shoals
Shoals:3: layout_shoals, serial_shops, nicolae_stop_n_shop_2, uniq_polyphemus,
          uniq_ilsuiw
Orc:1:    layout_caves, nicolae_orc_damp_corner, nicolae_orc_lost_temple
Orc:2:    grunt_orc_community_town_hall, layout_caves,
          grunt_orc_community_big_house_2, grunt_orc_community_big_house_1,
          grunt_orc_community_house_1, grunt_orc_community_house_2,
          grunt_orc_community_house_1, grunt_orc_community_house_3,
          grunt_orc_community_house_3, uniq_rupert
Elf:1:    minmay_elf_arrival_circle, layout_loops_corners, serial_shops,
          nicolae_shop_statue_plus, minivault_28, minivault_14

Skill      XL: |  1  2  3  4  5  6  7  8  9 10 11 12 13 14 15 16 17 |
---------------+----------------------------------------------------+-----
Fighting       | 1 2 3 4 5 6 8 9 10 11 12 | 12.0
Spellcasting   | 3 4 5 6 7 8 9 10 | 10.0
Dodging        | 3 4 5 7 9 |  9.0
Long Blades    | 3 4 5 7 9 11 12 | 12.0
Invocations    | 2 3 6 8 |  8.0
Evocations     | 3 5 6 7 9 10 | 10.0
Shields        | 4 7 10 11 12 | 12.0
Armour         | 3 5 |  5.0
Stealth        | 4 6 |  6.0
Throwing       | 3 |  3.3

Action                   |  1- 3 |  4- 6 |  7- 9 | 10-12 | 13-15 | 16-18 || total
-------------------------+-------+-------+-------+-------+-------+-------++-------
Melee: Dagger            |    26 |   140 |    95 |       |       |       ||   261
       Falchion          |       |       |    98 |    40 |       |       ||   138
       Scimitar          |       |       |       |   478 |   549 |       ||  1027
       Double sword      |       |       |       |       |   176 |   477 ||   653
Throw: Throwing net      |       |       |       |       |       |     1 ||     1
 Cast: Magic Dart        |    44 |    50 |    51 |    95 |       |       ||   240
       Summon Small Mamm |    10 |     2 |     8 |     8 |       |       ||    28
       Call Imp          |     6 |    14 |    31 |    45 |     9 |     1 ||   106
       Mephitic Cloud    |       |     1 |     6 |    38 |    41 |    26 ||   112
       Portal Projectile |       |       |     6 |       |     1 |       ||     7
       Blink             |       |       |     1 |     1 |     1 |     1 ||     4
       Poisonous Vapours |       |       |     3 |    15 |     4 |     2 ||    24
       Animate Dead      |       |       |     3 |    19 |     8 |     1 ||    31
       Slow              |       |       |       |    10 |    24 |     3 ||    37
       Animate Armour    |       |       |       |    24 |     6 |       ||    30
       Borgnjor's Vile C |       |       |       |       |    13 |     4 ||    17
       Conjure Flame     |       |       |       |       |     1 |       ||     1
       Dispersal         |       |       |       |       |     2 |     4 ||     6
Invok: Upheaval          |       |       |       |     1 |     1 |       ||     2
Evoke: Wand              |       |       |     3 |     3 |     5 |    14 ||    25
       Box of beasts     |       |       |       |       |     1 |     1 ||     2
  Use: Scroll            |       |     1 |     4 |     2 |     8 |    10 ||    25
       Potion            |       |       |       |       |     4 |     3 ||     7
 Stab: Distracted        |       |     1 |       |     1 |     3 |       ||     5
       Confused          |       |       |     1 |    12 |    25 |    16 ||    54
       Invisible         |       |       |       |       |     1 |       ||     1
Armor: Robe              |    10 |    43 |    32 |    24 |       |       ||   109
       Troll leather arm |       |       |       |    10 |       |       ||    10
       Ring mail         |       |       |       |    45 |   192 |    93 ||   330
Dodge: Dodged            |    28 |    88 |   131 |   354 |   356 |   201 ||  1158
       Repelled          |       |       |       |     5 |     6 |    16 ||    27
Block: Other             |       |    14 |    24 |   149 |    25 |       ||   212
       Kite shield       |       |       |       |       |   980 |   551 ||  1531

Table legend: (Time is in decaauts)
 A = Elapsed time spent in this place.
 B = Non-inter-level travel time spent in this place.
 C = Inter-level travel time spent in this place.
 D = Time resting spent in this place.
 E = Time spent auto-exploring this place.
 F = Levels seen in this place.
 G = Mean time per level.
                   A        B        C        D        E       F      G
               +--------+--------+--------+--------+--------+-----+--------+
         Total |  25765 |  23942 |   1823 |   2806 |  14082 |  27 |  954.3 |
       Dungeon |  14032 |  13026 |   1006 |   1413 |   8179 |  15 |  935.5 |
          Lair |   5683 |   5090 |    593 |    234 |   3427 |   5 | 1136.6 |
        Shoals |   3193 |   3103 |     90 |    952 |   1259 |   3 | 1064.3 |
  Orcish Mines |   2597 |   2465 |    132 |    194 |   1177 |   2 | 1298.5 |
   Elven Halls |    186 |    186 |      0 |     13 |      0 |   1 |  186.0 |
        Bazaar |     72 |     72 |      0 |      0 |     40 |   1 |   72.0 |
               +--------+--------+--------+--------+--------+-----+--------+

Top non-repeatable levels by time:
Shoals:1: 2000 daAuts
   Orc:2: 1811 daAuts
    D:13: 1673 daAuts
  Lair:4: 1430 daAuts
     D:9: 1385 daAuts
    D:11: 1276 daAuts
    D:14: 1233 daAuts
  Lair:5: 1189 daAuts
  Lair:2: 1184 daAuts
Shoals:2: 1183 daAuts
     D:1: 1143 daAuts
    D:12: 1058 daAuts
  Lair:3: 1038 daAuts
     D:8: 896 daAuts
     D:6: 896 daAuts
